 Dungeon Crawl Stone Soup version 0.31-a0-233-g139696dc86 (webtiles) character file.

Game seed: 8555642745302293791

1306 qw the Skirmisher (level 8, -1/69 HPs)
             Began as a Minotaur Hexslinger on July 8, 2023.
             Was a Follower of Okawaru.
             Slain by a troll (6 damage)
             ... on level 6 of the Dungeon.
             The game lasted 00:02:00 (4084 turns).

qw the Skirmisher (Minotaur Hexslinger)             Turns: 4084, Time: 00:02:01

Health: -1/69      AC:  5    Str: 13    XL:     8   Next: 32%
Magic:  8/8        EV: 18    Int: 10    God:    Okawaru [*.....]
Gold:   351        SH:  0    Dex: 15    Spells: 8/9 levels left

rFire   + . .        Y - +2 sling (drain)
rCold   . . .        (no shield)
rNeg    . . .        j - +2 robe {rF+}
rPois   .            (helmet restricted)
rElec   .            (no cloak)
rCorr   .            l - +0 pair of gloves
SInv    .            (no boots)
Will    .....        f - amulet of faith
Stlth   +            e - +5 ring of evasion
HPRegen 0.31/turn    (no ring)
MPRegen 0.11/turn

%: faith
@: slowed, very slow
A: horns 2, retaliatory headbutt
a: Renounce Religion, Heroism


You were on level 6 of the Dungeon.
You worshipped Okawaru.
Okawaru was aware of your devotion.
You visited 2 branches of the dungeon, and saw 7 of its levels.
You also visited: Sewer.

You collected 351 gold pieces.


Innate Abilities, Weirdness & Mutations

You have a pair of horns on your head.
You reflexively headbutt those who attack you in melee.


   Skills:
 + Level 5.4 Fighting
 - Level 9.0 Ranged Weapons
 - Level 2.1 Armour
 - Level 3.2 Dodging
 - Level 1.0 Spellcasting
 - Level 2.0 Hexes
 + Level 2.5 Invocations


You had 8 spell levels left.
You knew the following spells:

 Your Spells              Type           Power      Damage    Failure   Level
a - Slow                  Hex            16%        N/A       16%         1

Your spell library contained the following spells:

 Spells                   Type           Power      Damage    Failure   Level
 Inner Flame              Hex/Fire       2%         N/A       56%         3
 Portal Projectile        Hex/Tloc       4%         N/A       56%         3
 Cause Fear               Hex            2%         N/A       83%         4

Inventory:

Hand Weapons
 Y - a +2 sling of draining (weapon)
Armour
 j - a +2 robe of fire resistance (worn)
 l - a +0 pair of gloves (worn)
Jewellery
 e - a +5 ring of evasion (left hand)
 f - an amulet of faith (around neck)
Scrolls
 k - a scroll of identify
 m - 3 scrolls of teleportation
Potions
 a - 2 potions of resistance
 b - a potion of might
 c - 5 potions of enlightenment
 g - a potion of haste
 i - a potion of heal wounds {unknown}
 n - a potion of curing

Dungeon Overview and Level Annotations

Branches:
Dungeon (6/15)             Temple (1/1) D:4           Sewer (visited)

Altars:
Ashenzari
Cheibriados
Elyvilon
Fedhas
Gozag
Hepliaklqana
Kikubaaqudgha
Makhleb
Okawaru
Qazlal
Ru
Sif Muna
Trog
Uskayaw
Vehumet
Wu Jian
Xom
Yredelemnul
Zin

Shops:
D:2 [


Message History

The shadow imp closely misses you. The wraith hits you.
The wraith drains your vigour!
You feel as though you will be slow longer.
You shoot a sling bullet.
The sling bullet hits the wraith but does no damage.
The wraith is severely damaged.
The wraith completely misses you. The shadow imp misses you.
You furiously retaliate!
You headbutt the shadow imp!
You kill the shadow imp!
Okawaru accepts your kill.
You shoot a sling bullet.
The sling bullet barely misses the wraith.
A wraith comes into view.
The wraith misses you.
You shoot a sling bullet. The sling bullet hits the wraith.
The wraith is severely damaged.
The troll bites you! The troll closely misses you. The troll claws you.
The wraith completely misses you. You furiously retaliate!
You headbutt the wraith. You shoot a sling bullet.
The sling bullet closely misses the wraith.
You hear a loud, deep croak!
The troll closely misses you. x2; The troll misses you.
The wraith hits you but does no damage.
You shoot a sling bullet.
The sling bullet hits the wraith but does no damage.
The wraith is severely damaged.
The troll bites you. The troll barely misses you. The troll closely misses you.
The wraith hits you. The wraith drains your vigour!
You feel as though you will be slow longer.
You shoot a sling bullet. The sling bullet hits the wraith.
The wraith is almost destroyed.
The troll bites you! The troll closely misses you. The troll misses you.
The wraith barely misses you.
4084 ||| STAIRDANCE You feel like a meek peon again.
Magic restored.
The troll bites you! The troll claws you but does no damage.
The troll claws you. The wraith closely misses you. The troll misses you.
The troll claws you.
You die...

.# .#
..##
.....
#....#
#...#
##)..#
#@W.#
#TW......
#.......8
#........
.........
##..^....
.#####.
.#


You could see a troll and 2 wraiths.

Vanquished Creatures
  Edmund (D:5)
  Duvessa (D:5)
  A black bear (D:4)
  An orc warrior (D:4)
  2 ogres
  A phantom (D:5)
  2 scorpions
  Dowan (D:5)
  An orc priest (D:5)
  4 hounds
  An iguana (D:5)
  Ijyb (D:5)
  2 orc wizards
  3 gnolls (D:2)
  7 adders
  2 river rats (Sewer)
  A shadow imp (D:6)
  An ufetubus (D:4)
  A worm (D:2)
  6 dart slugs
  12 orcs
  4 bats
  14 endoplasms
  2 giant cockroaches
  6 goblins
  13 hobgoblins
  8 kobolds
  A quokka (D:3)
  13 ball pythons
  11 frilled lizards
  18 rats
142 creatures vanquished.

Notes
Turn   | Place    | Note
-------+----------+-------------------------------------------
     0 | D:1      | qw the Minotaur Hexslinger began the quest for the Orb.
     0 | D:1      | Reached XP level 1. HP: 16/16 MP: 1/1
     0 | D:1      | 0 ||| qw: Version: 0.3-a-46-gb1f654a
     0 | D:1      | 0 ||| qw: Game counter: 3429
     0 | D:1      | 0 ||| qw: Melee chars always use a shield: true
     0 | D:1      | 0 ||| qw: God list: Okawaru
     0 | D:1      | 0 ||| qw: Allow faded altars: false
     0 | D:1      | 0 ||| qw: Do Orc after clearing Dungeon:15 true
     0 | D:1      | 0 ||| qw: Do second Lair branch before Depths: true
     0 | D:1      | 0 ||| qw: Lair rune preference: random
     0 | D:1      | 0 ||| qw: Goals: Normal
     0 | D:1      | 0 ||| PLANNING D:1-11
    63 | D:1      | Reached skill level 3 in Ranged Weapons
    88 | D:1      | Reached XP level 2. HP: 23/23 MP: 2/2
   542 | D:1      | Reached XP level 3. HP: 29/29 MP: 3/3
   715 | D:1      | 715 ||| UPGRADING to +0 leather armour.
   725 | D:1      | 725 ||| DROPPING +0 robe.
   726 | D:1      | 726 ||| UPGRADING to +0 ring mail.
   736 | D:1      | 736 ||| DROPPING +0 leather armour.
   737 | D:1      | 737 ||| UPGRADING to +0 pair of gloves.
   742 | D:1      | 742 ||| UPGRADING to +5 ring of evasion.
   743 | D:1      | 743 ||| READING scroll labelled EKKISIF TIURGH.
   744 | D:1      | 744 ||| READING scroll labelled UBESKI XYFUABI.
   747 | D:1      | 747 ||| DROPPING scroll of poison.
   789 | D:2      | Reached skill level 4 in Ranged Weapons
   804 | D:2      | Reached skill level 1 in Armour
   804 | D:2      | Reached XP level 4. HP: 33/36 MP: 4/4
   840 | D:2      | 840 ||| READING scroll labelled WOJOIKUKUF.
   843 | D:2      | 843 ||| FLEEEEING.
   844 | D:2      | 844 ||| FLEEEEING.
   845 | D:2      | 845 ||| FLEEEEING.
  1039 | D:2      | Reached skill level 5 in Ranged Weapons
  1051 | D:2      | Found Faph's Armour Emporium.
  1066 | D:2      | 1066 ||| SHOPLISTING +1 ring mail of Gehenna {rC+} (253
                  | gold, have 83).
  1066 | D:2      | 1066 ||| SHOPLISTING +2 robe of willpower (194 gold, have
                  | 83).
  1091 | D:2      | 1091 ||| Stepping ~*~*~tactically~*~*~ (outnumbered).
  1463 | D:2      | 1463 ||| UPGRADING to amulet of guardian spirit.
  1468 | D:2      | 1468 ||| READING scroll labelled NUITHRO JOFIERGH.
  1469 | D:2      | 1469 ||| DRINKING 2 orange potions.
  1470 | D:2      | 1470 ||| DRINKING 2 white potions.
  1471 | D:2      | 1471 ||| DROPPING potion of attraction.
  1508 | D:3      | 1508 ||| PLANNING SEWER
  1509 | D:3      | Reached XP level 5. HP: 44/44 MP: 5/5
  1597 | D:3      | Found a bloodstained altar of Trog.
  1637 | D:3      | Reached skill level 3 in Fighting
  1674 | D:3      | Found a faded altar of an unknown god.
  1762 | D:3      | Found a radiant altar of Vehumet.
  1875 | D:3      | Reached skill level 6 in Ranged Weapons
  1880 | D:3      | Found a glowing drain.
  1882 | D:3      | 1882 ||| UPGRADING to amulet of faith.
  1892 | D:3      | 1892 ||| DROPPING amulet of guardian spirit.
  1893 | D:3      | 1893 ||| READING 2 scrolls labelled GIXUJU ONIL.
  1894 | D:3      | 1894 ||| READING scroll labelled QEORHUODUSA.
  1895 | D:3      | 1895 ||| READING 4 scrolls of identify.
  1895 | D:3      | 1895 ||| IDENTIFYING bubbling coppery potion
  1896 | D:3      | 1896 ||| READING 3 scrolls of identify.
  1896 | D:3      | 1896 ||| IDENTIFYING bubbling green potion
  1897 | D:3      | 1897 ||| READING 2 scrolls of identify.
  1897 | D:3      | 1897 ||| IDENTIFYING pink potion
  1898 | D:3      | 1898 ||| DROPPING potion of degeneration.
  1899 | D:3      | 1899 ||| DROPPING potion of magic.
  1900 | D:3      | 1900 ||| DROPPING scroll of blinking.
  1912 | Sewer    | Entered a sewer
  1933 | Sewer    | 1933 ||| Stepping ~*~*~tactically~*~*~ (water).
  1946 | Sewer    | 1946 ||| Stepping ~*~*~tactically~*~*~ (water).
  1954 | Sewer    | 1954 ||| Stepping ~*~*~tactically~*~*~ (water).
  1957 | Sewer    | 1957 ||| Stepping ~*~*~tactically~*~*~ (water).
  2093 | Sewer    | Reached XP level 6. HP: 40/51 MP: 6/6
  2233 | Sewer    | 2233 ||| Stepping ~*~*~tactically~*~*~ (water).
  2241 | Sewer    | 2241 ||| READING scroll labelled KUEFFE ZECOI.
  2242 | Sewer    | 2242 ||| DRINKING 3 inky potions.
  2243 | Sewer    | 2243 ||| READING 2 scrolls of identify.
  2243 | Sewer    | 2243 ||| IDENTIFYING glowing white potion
  2244 | Sewer    | 2244 ||| DROPPING potion of lignification.
  2253 | D:3      | 2253 ||| PLANNING D:1-11
  2369 | D:3      | 2369 ||| READING scroll labelled MARRAYBOJU.
  2370 | D:3      | 2370 ||| READING scroll labelled CASE NUXZAORI.
  2494 | D:4      | Noticed an orc warrior
  2497 | D:4      | 2497 ||| DRINKING 2 potions of curing.
  2497 | D:4      | 2497 ||| (to cure confusion)
  2505 | D:4      | Killed an orc warrior
  2512 | D:4      | Reached skill level 7 in Ranged Weapons
  2512 | D:4      | Reached XP level 7. HP: 25/61 MP: 7/7
  2959 | D:4      | Found a staircase to the Ecumenical Temple.
  2960 | D:4      | 2960 ||| PLANNING TEMPLE
  2965 | D:4      | 2965 ||| DROPPING +6 ring of intelligence.
  2966 | D:4      | 2966 ||| READING 3 scrolls of identify.
  2966 | D:4      | 2966 ||| IDENTIFYING smoky emerald potion
  2967 | D:4      | 2967 ||| READING 2 scrolls of identify.
  2967 | D:4      | 2967 ||| IDENTIFYING lumpy golden potion
  2976 | Temple   | Entered the Ecumenical Temple
  2978 | Temple   | 2978 ||| PLANNING OKAWARU WORSHIP
  2985 | Temple   | Became a worshipper of Warmaster Okawaru
  2986 | Temple   | 2986 ||| PLANNING D:1-11
  3316 | D:5      | Entered Level 5 of the Dungeon
  3361 | D:5      | Reached skill level 8 in Ranged Weapons
  3407 | D:5      | 3407 ||| FLEEEEING.
  3470 | D:5      | Noticed Duvessa
  3476 | D:5      | Noticed Dowan
  3478 | D:5      | Killed Duvessa
  3483 | D:5      | Killed Dowan
  3483 | D:5      | Reached * piety under Okawaru
  3484 | D:5      | Reached skill level 9 in Ranged Weapons
  3484 | D:5      | Reached XP level 8. HP: 67/68 MP: 8/8
  3489 | D:5      | Identified the +5 dagger "Hamud" {drain, rPois rF- rC+ rN+}
  3557 | D:5      | Noticed Edmund
  3558 | D:5      | 3558 ||| INVOKING Heroism.
  3567 | D:5      | Killed Edmund
  3568 | D:5      | Reached skill level 1 in Invocations
  3698 | D:5      | Reached skill level 3 in Dodging
  3804 | D:5      | Noticed Ijyb
  3805 | D:5      | 3805 ||| INVOKING Heroism.
  3811 | D:5      | Killed Ijyb
  3939 | D:5      | 3939 ||| UPGRADING to +2 robe of fire resistance.
  3949 | D:5      | 3949 ||| DROPPING +0 ring mail.
  3950 | D:5      | 3950 ||| READING scroll labelled RAS FEXKIE.
  4064 | D:6      | 4064 ||| INVOKING Heroism.
  4069 | D:6      | Noticed a troll
  4084 | D:6      | 4084 ||| STAIRDANCE
  4084 | D:6      | HP: 10/69 [troll (14)]
  4084 | D:6      | Slain by a troll

Levels and vault maps discovered:
D:1:      wander_arrival_lonely_grave, layout_basic
D:2:      layout_loops_ring, serial_shops, nicolae_square_shop,
          kennysheep_decorative_pillar, kennysheep_pointless_box,
          hangedman_decor_push, minmay_fractal_squares_5
D:3:      layout_basic, nicolae_vehumet_altar_sigil, trog_book,
          shapermc_ecumenical_altar_acropolis, portal_sewer_entry_a
D:4:      layout_loops_ring, minmay_temple_entry_grid, hex_large
D:5:      layout_basic, uniq_edmund, uniq_ijyb, uniq_duvessa
D:6:      layout_basic, minmay_strange_pillars, minmay_manual_moon,
          uniq_menkaure
Temple:   sentei_temple_godly_chess

Skill      XL: |  1  2  3  4  5  6  7  8 |
---------------+-------------------------+-----
Ranged Weapons | 3 4 5 6 7 9 |  9.0
Fighting       | 2 3 5 |  5.4
Armour         | 1 2 |  2.1
Invocations    | 2 |  2.5
Dodging        | 3 |  3.2
Spellcasting   | |  1.0
Hexes          | |  2.0

Action                     |  1- 3 |  4- 6 |  7- 9 || total
---------------------------+-------+-------+-------++-------
   Fire: Sling             |    79 |   239 |   141 ||   459
 Invoke: Heroism           |       |       |     3 ||     3
    Use: Scroll            |     2 |    11 |     3 ||    16
         Potion            |       |     4 |       ||     4
 Armour: Robe              |     4 |       |     2 ||     6
         Ring mail         |     1 |    22 |     5 ||    28
  Dodge: Dodged            |     7 |   109 |    49 ||   165

Table legend:
 A = Non-vault XP
 B = Vault XP
 C = Vault XP percentage of total XP
 D = Non-vault monster count
 E = Vault monster count
 F = Vault count percentage of total count
                 A         B        C        D         E       F
            +---------+---------+-------+---------+---------+-------
      Total |    1248 |     618 |  33.1 |      99 |      43 |  30.3
            +---------+---------+-------+---------+---------+-------
        D:1 |      48 |       0 |   0.0 |      26 |       0 |   0.0
        D:2 |     143 |       4 |   2.7 |      19 |       3 |  13.6
        D:3 |     132 |       9 |   6.4 |      14 |       8 |  36.4
        D:4 |     544 |       0 |   0.0 |      25 |       0 |   0.0
        D:5 |     381 |     397 |  51.0 |      15 |       4 |  21.1
        D:6 |       0 |     132 | 100.0 |       0 |       2 | 100.0
      Sewer |       0 |      76 | 100.0 |       0 |      26 | 100.0
            +---------+---------+-------+---------+---------+-------
